 Dungeon Crawl Stone Soup version 0.28.0-47-ge53b351184 (webtiles) character file.

Game seed: 11514368854452138886

64 Kenran the Ruffian (level 3, 0/31 HPs)
             Began as a Palentonga Fighter on Apr 26, 2022.
             Slain by an adder (3 damage)
             ... on level 2 of the Dungeon.
             The game lasted 00:02:37 (1886 turns).

Kenran the Ruffian (Palentonga Fighter)             Turns: 1886, Time: 00:02:37

Health: 0/31       AC:  7    Str: 21    XL:     3   Next: 91%
Magic:  3/3        EV:  7    Int:  8    God:
Gold:   30         SH:  4    Dex:  9    Spells: 2/2 levels left

rFire   . . .      SeeInvis +     - Unarmed
rCold   . . .      Faith    .   b - +0 buckler
rNeg    . . .      Spirit   .   a - +0 scale mail
rPois   .          Reflect  .   j - +0 helmet
rElec   .          Harm     .   (no cloak)
rCorr   +          Rampage  .   (no gloves)
Will    .....                   (no barding)
Stlth   ..........              (no amulet)
HPRegen 0.10/turn               i - ring of resist corrosion
MPRegen 0.08/turn               (no ring)

@: no status effects
A: large, rugged brown scales 3, see invisible, deformed body, roll 1, armoured
tail
a: Rolling Charge


You were on level 2 of the Dungeon.
You visited 1 branch of the dungeon, and saw 2 of its levels.

You collected 30 gold pieces.

Inventory:

Missiles
 d - 86 stones
Armour
 a - a +0 scale mail (worn)
 b - a +0 buckler (worn)
 j - a +0 helmet (worn)
Jewellery
 i - a ring of resist corrosion (left hand)
Scrolls
 g - a scroll of magic mapping {unknown}
 h - a scroll of enchant armour {unknown}
Potions
 c - a potion of might
 e - a potion of haste {unknown}
 f - 2 potions of heal wounds {unknown}


   Skills:
 - Level 3.0 Fighting
 - Level 2.4 Armour
 + Level 2.7 Shields
 - Level 4.0 Unarmed Combat


You had 2 spell levels left.
You didn't know any spells.
Your spell library contained the following spells:

 Spells                   Type           Power      Damage    Failure   Level
 Slow                     Hex            0%         N/A       83%         1
 Ensorcelled Hibernation  Hex/Ice        0%         N/A       92%         2
 Confusing Touch          Hex            0%         N/A       99%         3
 Vampiric Draining        Necr           0%         2d6       99%         3
 Sticky Flame             Conj/Fire      0%         2d3       100%        4
 Fireball                 Conj/Fire      0%         3d3       100%        5
 Starburst                Conj/Fire      0%         6d3       100%        6


Dungeon Overview and Level Annotations

Branches:
Dungeon (2/15)

Altars:
Nemelex Xobeh


Innate Abilities, Weirdness & Mutations

You are completely covered in rugged brown scales. (AC +3, +7% HP)
You have supernaturally acute eyesight. (SInv)
Armour fits poorly on your strangely shaped body.
You can roll at nearby foes to attack.
You have a long armoured tail.


Message History

The ball python bites you but does no damage.
The adder barely misses you. The ball python bites you.
You hit the adder but do no damage.
Your tail-slap misses the adder.
The adder is almost dead.
The adder bites you but does no damage. The ball python barely misses you.
You closely miss the adder.
The adder is almost dead.
You block the adder's attack.
The ball python bites you but does no damage.
The adder bites you but does no damage.
You barely miss the adder.
The adder is almost dead.
The ball python barely misses you. The adder barely misses you.
You hit the adder.
Your tail-slap misses the adder.
The adder is almost dead.
The ball python bites you. The adder barely misses you.
You barely miss the adder.
The adder is almost dead.
The ball python bites you but does no damage.
The adder bites you but does no damage. You block the ball python's attack.
The adder bites you.
* * * LOW HITPOINT WARNING * * *
You closely miss the adder.
The adder is almost dead.
The adder bites you.
* * * LOW HITPOINT WARNING * * *
The ball python closely misses you.
You closely miss the adder.
The adder is almost dead.
The ball python closely misses you. You block the adder's attack.
You barely miss the adder.
Your tail-slap misses the adder.
The adder is almost dead.
The adder bites you.
* * * LOW HITPOINT WARNING * * *
The ball python bites you.
* * * LOW HITPOINT WARNING * * *
You barely miss the adder.
The adder is severely wounded.
The adder bites you.
You die...

.....................
.....................
...........<.........
..
...........)........
#.
...................[
#.
..>#.....#.........
#. ####.).##.........
#.##
###S)[.#####........
#..####.S@####
##.....#. ##.##.).###
#####.#. .#.....####
.. .≈....'..#.)...#
### S≈|...##.......#
[≈.... #.#.....#
w§..g #.......# ≈≈g..
###.....# .g.g
#.....#


You could see an adder and a ball python.

Vanquished Creatures
  Robin (D:2)
  An adder (D:2)
  A worm (D:2)
  A dart slug (D:1)
  A ball python (D:1)
  5 endoplasms
  4 hobgoblins
  2 quokkas (D:1)
  A frilled lizard (D:1)
  13 goblins
  4 kobolds (D:1)
  3 rats
37 creatures vanquished.

Notes
Turn   | Place    | Note
-------+----------+-------------------------------------------
     0 | D:1      | Kenran the Palentonga Fighter began the quest for the Orb.
     0 | D:1      | Reached XP level 1. HP: 19/19 MP: 1/1
   288 | D:1      | Found a faded altar of an unknown god.
   450 | D:1      | Reached XP level 2. HP: 25/25 MP: 2/2
   593 | D:1      | Reached skill level 3 in Unarmed Combat
  1126 | D:2      | Found a sparkling altar of Nemelex Xobeh.
  1139 | D:2      | Got the Guide on Attacks and Cold
  1247 | D:2      | Noticed Robin
  1258 | D:2      | Reached XP level 3. HP: 17/31 MP: 3/3
  1708 | D:2      | Killed Robin
  1709 | D:2      | Reached skill level 4 in Unarmed Combat
  1886 | D:2      | Slain by an adder

Illustrated notes

Levels and vault maps discovered:
D:1:      mainiacjoe_arrival_reflecting_pool, layout_loops_ring,
          hellmonk_ecumenical_altar_pennies_from_heaven, serial_bayou_lagoon_a,
          minmay_liquid_box, minmay_tripent
D:2:      layout_rooms, serial_shops, nicolae_shop_bloodbath_and_beyond,
          basic_altar, kennysheep_potato, uniq_robin

Skill      XL: |  1  2  3 |
---------------+----------+-----
Unarmed Combat | 3 4 |  4.0
Fighting       | |  3.0
Armour         | |  2.4
Shields        | |  2.7

Action                   || total
-------------------------++-------
Melee: Unarmed           ||   126
       Tailslap          ||    15
Armor: Scale mail        ||    58
Dodge: Dodged            ||    34
Block: Buckler           ||    21
